[Event "Hungarian Youth-ch U18 2022"]
[Site "Eger"]
[Date "2022.07.24"]
[Round "2.1"]
[White "Forgacs, Attila Jr."]
[Black "Virag, Balint"]
[Result "1-0"]
[ECO "C82"]
[WhiteElo "2215"]
[BlackElo "2164"]
[Annotator "TA"]
[PlyCount "131"]
[EventDate "2022.07.21"]
[EventType "tourn"]
[EventCountry "HUN"]
[SourceTitle "playchess.com"]
[Source "ChessBase"]
[SourceQuality "1"]
[TimeControl "40/5400+30:1800+30"]

1. e4 e5 2. Nf3 Nc6 3. Bb5 a6 4. Ba4 Nf6 5. O-O Nxe4 6. d4 b5 7. Bb3 d5 8. dxe5 Be6 9. c3 Bc5 10. Qd3 O-O 11. Be3 f6 12. exf6 Qxf6 {[%emt 0:07:18] C82: Open Ruy Lopez: 9 c3 without 9...Be7.} 13. Nbd2 Bxe3 14. Qxe3 Nxd2 {[%emt 0:03:14] White has an edge.} 15. Qxd2 Rad8 16. Nd4 {[%emt 0:21:58] has lost popularity (16.Rfe1).} Bf7 17. Nxc6 Qxc6 {[%emt 0:00:11] [#]} 18. Rfe1 $146 ({Predecessor:} 18. a4 Qd6 19. Rfd1 Qb6 20. axb5 axb5 21. Bc2 c5 22. b4 cxb4 23. cxb4 d4 24. Bd3 Bc4 25. Qc2 Bxd3 26. Qxd3 Qf6 27. f3 {½-½ (27) Hartmann,L (2314)-Turczynski,M (2256) ICCF email 2007}) 18... Qd6 19. Qg5 h6 20. Qe7 Rfe8 21. Qxd6 Rxd6 22. Rxe8+ Bxe8 $11 {[%emt 0:00:10][%mdl 4096] Endgame KRB-KRB} 23. f3 Kf8 24. Rd1 Bf7 25. Kf2 Ke7 26. Rd2 c5 27. f4 d4 (27... a5 $11) 28. Bxf7 $1 $14 Kxf7 29. cxd4 cxd4 {[%emt 0:01:43] KR-KR} 30. Kf3 $1 Rc6 31. Ke4 Ke6 32. Kxd4 Rc4+ 33. Ke3 Rc1 34. b3 Re1+ 35. Kf3 {[%emt 0:00:32] aiming for Re2+.} Rf1+ 36. Rf2 Rc1 37. g4 g6 {[%emt 0:00:46] Against f5+} 38. Re2+ Kf7 39. Ke4 Rg1 40. Kf3 (40. h3 $16) 40... Rf1+ (40... Rc1 $1 $11 {keeps the balance.}) 41. Rf2 $16 Rc1 42. Ke4 h5 43. gxh5 gxh5 44. Rd2 Ke6 (44... Rc3 $16 45. Rd7+ Kf8) 45. f5+ $18 Ke7 46. Kf4 Rg1 47. Re2+ Kf7 48. Rc2 a5 (48... h4 $16 {was worth a try.} 49. Rd2 Ke7 50. Re2+ Kf7) 49. Rc7+ Kf6 50. Rc6+ Kf7 {[%emt 0:00:28] [#]} 51. Rb6 $2 (51. Ra6 $1 $18) 51... Rg2 52. Rxb5 {[%emt 0:01:14] Threatens to win with a4.} Rxa2 53. Kg5 (53. Rb7+ $1 $14 Kf6 54. Rb6+ Kf7 55. h4) 53... Rg2+ $11 54. Kxh5 Rxh2+ 55. Kg5 Rg2+ 56. Kf4 Ra2 57. Ke5 a4 $2 (57... Re2+ $11 {and Black stays safe.} 58. Kd4 Ra2) 58. Rb7+ $18 Ke8 $2 (58... Kg8 $18 59. b4 a3) 59. bxa4 {[%emt 0:05:57] White mates.} Rxa4 {[%emt 0:00:07] [#]} 60. Kf6 $1 Ra1 61. Rb8+ Kd7 62. Kf7 Rg1 63. f6 Rg2 64. Rb1 Rd2 65. Rg1 Rd3 66. Kg8 {[%emt 0:00:57] Weighted Error Value: White=0.10 (very precise) /Black=0.39} 1-0

[Event "Hungarian Youth-ch U18 2022"]
[Site "Eger"]
[Date "2022.07.24"]
[Round "2.2"]
[White "Karacsonyi, Gellert"]
[Black "Reviczki, Roland"]
[Result "1-0"]
[ECO "B33"]
[WhiteElo "2338"]
[BlackElo "2160"]
[Annotator "TA"]
[PlyCount "63"]
[EventDate "2022.07.21"]
[EventType "tourn"]
[EventCountry "HUN"]
[SourceTitle "playchess.com"]
[Source "ChessBase"]
[SourceQuality "1"]
[TimeControl "40/5400+30:1800+30"]

1. e4 c5 2. Nf3 Nc6 3. d4 cxd4 4. Nxd4 Nf6 5. Nc3 e5 6. Ndb5 d6 7. Bg5 a6 8. Na3 b5 9. Bxf6 gxf6 10. Nd5 f5 11. Bd3 Be6 12. O-O Bg7 13. Qh5 Rc8 14. c4 {[%emt 0:14:46] [#] B33: Sicilian: Pelikan and Sveshnikov Variations.} Ne7 $146 (14... fxe4 $14 15. Bxe4 Nd4) ({Predecessor:} 14... Nd4 15. exf5 Bxd5 16. cxd5 Qf6 17. Rac1 O-O 18. Be4 Qh6 19. Qg4 Rxc1 {0-1 (19) Galkin,A (2598)-Dobrov,V (2492) chessassistantclub.com INT 2004}) 15. Nxe7 $1 $16 {[%emt 0:32:25] 0x0.0019ea345b88dp-1022s more active pieces.} ({Inferior is} 15. cxb5 Bxd5 16. exd5 e4 $17) ({But not} 15. Qg5 $6 Rg8 $11) 15... Qxe7 16. exf5 {[%emt 0:02:36] White is better.} ({Resist} 16. cxb5 fxe4 17. Bxe4 d5 $14) 16... bxc4 17. Be2 Bd5 18. Rac1 ({White should try} 18. Rfd1 Rc5 19. Bxc4 $1 Bxc4 20. Qg4) 18... O-O 19. Nxc4 Bb7 20. Rc3 {[%emt 0:10:20] aiming for Rh3.} e4 (20... d5 $16) 21. Rg3 {[%emt 0:01:21] And now Ne3 would win.} Kh8 22. Rh3 h6 23. Ne3 $40 {[%emt 0:00:06][%mdl 128] Strongly threatening Ng4. White has strong attack.} d5 24. Rd1 Rfd8 {[%emt 0:01:22] [#]} 25. Ng4 $1 Rd6 {[%emt 0:01:59] Against f6} 26. f6 Rxf6 27. Nxf6 Qxf6 28. Rc3 {[%emt 0:01:49] Threatens to win with Rxc8+.} Rxc3 (28... Rf8 {keeps fighting.} 29. Rc7 Qxb2) 29. bxc3 $18 {[%emt 0:00:02] Black must now prevent Rb1.} Qxc3 $2 (29... Qe6 30. Bg4 Qe7) 30. Qxf7 {[%emt 0:00:20] White is clearly winning.} Qb2 31. Bg4 {[%emt 0:00:40] White wants to mate with Qe8+.} Bc6 {[%emt 0:00:37] Inhibits Qe8+.} 32. Be6 {[%emt 0:00:48] Weighted Error Value: White=0.05 (flawless) /Black=0.45} 1-0

[Event "Hungarian Youth-ch U18 2022"]
[Site "Eger"]
[Date "2022.07.24"]
[Round "2.3"]
[White "Daroczi, Donat"]
[Black "Baski, Barnabas"]
[Result "0-1"]
[ECO "C54"]
[WhiteElo "2163"]
[BlackElo "2142"]
[Annotator "TA"]
[PlyCount "98"]
[EventDate "2022.07.21"]
[EventType "tourn"]
[EventCountry "HUN"]
[SourceTitle "playchess.com"]
[Source "ChessBase"]
[SourceQuality "1"]
[TimeControl "40/5400+30:1800+30"]

1. e4 e5 2. Nf3 Nc6 3. Bc4 Bc5 4. c3 Nf6 5. d4 exd4 6. e5 d5 7. Bb5 Ne4 8. cxd4 Bb6 9. Nc3 O-O 10. Be3 {[%emt 0:00:07] C54: Giuoco Piano: 4 c3 Nf6, main lines with 5 d4 and 5 d3.} f5 11. exf6 {[%emt 0:03:31] Bxc6 is the strong threat. 11.g3 is not played anymore.} Nxf6 12. Bxc6 {[%emt 0:10:08] The position is equal.} bxc6 13. Ne5 {[%emt 0:00:06] Inhibits Ng4.} Qd6 14. O-O $1 Ba6 15. Re1 c5 16. dxc5 Bxc5 (16... Qxe5 $2 17. cxb6 (17. Bd4 Qf4 $16) 17... axb6 18. Bc5 $1 $18 ) 17. Bxc5 Qxc5 18. Na4 {[%emt 0:00:12] Pair of Knights!} Qd6 19. Qd4 Ne4 20. Rac1 {[%emt 0:00:45] [#] Inhibits c5. Strongly threatening Rc6.} Rae8 $146 (20... Nxf2 $2 21. Rc6 Qd8 22. Rxa6 $18) ({Predecessor:} 20... Rxf2 21. Rxe4 Raf8 22. Ree1 R2f4 23. Qxa7 Qxe5 24. Qxa6 Qd4+ 25. Kh1 Qxa4 26. Qe6+ Kh8 27. Qxd5 {½-½ (58) Esipenko,A (2716)-Nguyen,T (2588) Krasnaya Polyana 2021}) 21. Rc6 Qxe5 22. Qxe5 Rxe5 23. Rxa6 Rg5 24. Re2 Rg6 25. Rxa7 Rc6 26. g3 $1 Rd8 (26... Rc1+ $14 27. Kg2 Ng5) 27. Kg2 Rc1 28. f3 (28. b4 $16) 28... Nf6 (28... Nd6 $1 $11 {keeps the balance.}) 29. Rd2 $16 d4 {[%emt 0:05:13] [#] Against Nc3} 30. Kf2 (30. Nc3 $1 $16) 30... Nd5 31. Ra5 Ne3 32. Rc5 Rh1 33. Rxc7 Rxh2+ 34. Ke1 Rh1+ 35. Ke2 (35. Kf2 $1 $11) 35... Nf1 $17 {[%emt 0:01:28] Black is much more active.} 36. Rd3 (36. Rd1 $17 d3+ 37. Kf2 Rh2+ 38. Kg1) 36... Nxg3+ $19 37. Kf2 Nf5 38. Kg2 Rb1 39. Kh3 (39. Rc5 $142 Rf8 40. Kf2) 39... Re8 {[%emt 0:01:50] Threatens to win with ...Rh1+.} 40. Kg4 (40. Rc5 {is the only way for White.} g6 41. Rxf5 gxf5 42. Rxd4) 40... Ne3+ 41. Kg3 Nf5+ $2 ({Better is} 41... Rf8 $19 42. Kf2 Rf1+ 43. Ke2 R8xf3) 42. Kf4 $2 (42. Kg4 $1 $11 Ne3+ 43. Kg3) 42... g6 (42... Nh4 $19 {( -> ...Rg1)} 43. Kg4 Rh1) 43. Rb3 $2 (43. Nc5 $17) 43... Rh1 $2 (43... Rg1 $19 {is more deadly. And now ...Ng3 would win.} 44. Rbb7 Nd6 45. Rg7+ Kf8) 44. Rb6 $2 (44. Nc5 $17 {nothing else works.}) 44... d3 {[%emt 0:03:12] Hoping for ...Rh4+.} 45. Rd7 $2 (45. Nc3 Nd4 46. Kg4) 45... Rh4+ 46. Kg5 Rxa4 47. a3 Rd4 {[%emt 0:00:57] Black mates.} 48. Rxd4 Nxd4 49. Rd6 Ne6+ {[%emt 0:01:17] Weighted Error Value: White=0.90/Black=0.56} 0-1

[Event "Hungarian Youth-ch U18 2022"]
[Site "Eger"]
[Date "2022.07.24"]
[Round "2.4"]
[White "Somogyi, Barbara"]
[Black "Toth, Nikoletta"]
[Result "1-0"]
[ECO "C54"]
[WhiteElo "1682"]
[BlackElo "1914"]
[Annotator "TA"]
[PlyCount "107"]
[EventDate "2022.07.21"]
[EventType "tourn"]
[EventCountry "HUN"]
[SourceTitle "playchess.com"]
[Source "ChessBase"]
[SourceQuality "1"]
[TimeControl "40/5400+30:1800+30"]

1. e4 e5 2. Nf3 Nc6 3. Bc4 Bc5 4. c3 Nf6 5. d4 exd4 6. e5 d5 7. Bb5 Ne4 8. cxd4 Bb6 9. Nc3 O-O 10. Bxc6 {[%emt 0:00:54] C54: Giuoco Piano: 4 c3 Nf6, main lines with 5 d4 and 5 d3.} bxc6 11. O-O Nxc3 12. bxc3 {[%emt 0:00:21] White is slightly better.} Re8 {[%emt 0:02:22] [#]} 13. Bg5 $146 ({Predecessor:} 13. Ba3 Bf5 14. Re1 h6 15. Re3 Re6 16. Qd2 Rg6 17. Rae1 Be4 18. h3 Ba5 19. Kh2 {1-0 (42) Wolf,A (2119)-Launert,M (1790) Reinstorf 2022}) 13... Qd7 14. Qd3 c5 15. Rfd1 (15. dxc5 $11 Bxc5 16. Be3 Bxe3 17. Qxe3) 15... c4 $1 $15 16. Qd2 Ba5 17. Qc2 Re6 18. Rac1 (18. Re1) (18. Bd2 $15) 18... Qe8 ({Black should try} 18... Rg6 $17) 19. Kh1 (19. Bd2 $15 {should be considered.}) 19... Bd7 {[%emt 0:00:54] And now ...Ba4 would win. A strong pair of Bishops.} 20. Rf1 Qc8 ({Better is} 20... Rb8 $17 {aiming for ...Reb6.} 21. Rb1 Reb6 22. Rxb6 axb6) 21. Nh4 $1 $11 Rb6 (21... c5 $15 {keeps the upper hand.}) 22. f4 $1 $16 f6 (22... h6 $14 23. Be7 Rab8) 23. exf6 $18 gxf6 24. Bh6 f5 25. Bg5 {[%emt 0:01:57] Hoping for Rce1.} Qf8 (25... h6 $16 {was called for.}) 26. Nf3 $1 Rab8 27. Qf2 Qg7 (27... h6 $16) 28. Ne5 Be8 (28... Re6 $142 29. Rfe1 Rf8) 29. Rfe1 h6 30. Bh4 Rb2 31. Qf3 c6 32. Rg1 {[%emt 0:05:00] g4 is the strong threat.} Rxa2 (32... h5 $142 33. Qh3 Qf8) 33. g4 Rbb2 34. Rg3 $2 (34. Qh3 $18 Kf8 35. gxf5 Rxh2+ 36. Qxh2 Rxh2+ 37. Kxh2) 34... Rxh2+ (34... Rf2 $1 $11 35. Qxf2 Rxf2 36. gxf5 Rxf4 $1) 35. Kg1 $14 Kf8 $2 {[%emt 0:00:28][%mdl 8192] [#] White leaves nothing to chance now.} (35... Rxh4 $2 36. gxf5 Rah2 37. Rxg7+ Kxg7 38. Qg3+ Kf8 39. f6 Rh1+ 40. Kg2 (40. Kf2 R4h2+ 41. Kf3 Bh5+ 42. Ng4 Bxg4+ 43. Kxg4 Rh3 $18) 40... R4h2+ 41. Qxh2 Rxh2+ 42. Kxh2 $18) (35... Rhf2 $14 36. Qxf2 Rxf2 37. Kxf2 Qb7) 36. gxf5 $1 $18 Qh7 (36... Rh3 37. Be7+) 37. Ng6+ Bxg6 38. fxg6 Qd7 39. Qh5 Bd8 40. Qxh6+ Kg8 41. Qh7+ $1 Qxh7 42. gxh7+ Kxh7 43. Bxd8 Rhe2 44. f5 Re8 {[%emt 0:00:55] [#]} 45. Bf6 (45. Rb1 $142 $1 Kh6 46. Rh3+ Kg7 47. f6+ Kg6 48. Rg3+ Kh6 49. Be7) 45... Ree2 46. Be5 {[%emt 0:03:13] White mates.} c5 47. f6 cxd4 48. f7 Rf2 49. Rf1 Rxf1+ 50. Kxf1 Ra1+ 51. Kg2 Ra2+ 52. Kf3 Ra1 53. Kf4 Rf1+ 54. Rf3 {[%emt 0:00:08] Weighted Error Value: White=0.39/Black=0.67} 1-0

[Event "Hungarian Youth-ch U18 2022"]
[Site "Eger"]
[Date "2022.07.24"]
[Round "2.5"]
[White "Koltai, Dora"]
[Black "Buri, Kata"]
[Result "1/2-1/2"]
[ECO "B13"]
[WhiteElo "1764"]
[BlackElo "1730"]
[Annotator "NA RC COMBH"]
[PlyCount "60"]
[EventDate "2022.07.21"]
[EventType "tourn"]
[EventCountry "HUN"]
[SourceTitle "playchess.com"]
[Source "ChessBase"]
[SourceQuality "1"]
[TimeControl "40/5400+30:1800+30"]

1. e4 c6 2. d4 d5 3. exd5 cxd5 4. Bd3 Nc6 5. c3 Nf6 6. Bf4 Bg4 7. Qb3 e5 8. dxe5 Nh5 9. Be3 Nxe5 10. Bb5+ Nc6 11. Ne2 a6 12. Bd3 Be7 13. O-O O-O 14. Qc2 h6 15. Bf5 Bxf5 16. Qxf5 Nf6 17. Rd1 Qc7 18. Nf4 Rad8 19. Ne2 Bd6 20. h3 Rfe8 21. Nd2 Ne7 22. Qc2 Ng6 23. Nf3 Re4 24. Nfd4 Rde8 25. Qd2 Nh4 26. Rac1 Qd7 27. Nf4 Qc7 28. Nfe2 Qd7 29. Nf4 Qc7 30. Nfe2 Qd7 1/2-1/2

[Event "Hungarian Youth-ch U18 2022"]
[Site "Eger"]
[Date "2022.07.24"]
[Round "2.6"]
[White "Kiss, Eniko"]
[Black "Juhasz, Judit"]
[Result "0-1"]
[ECO "A36"]
[WhiteElo "1646"]
[BlackElo "2037"]
[Annotator "TA"]
[PlyCount "94"]
[EventDate "2022.07.21"]
[EventType "tourn"]
[EventCountry "HUN"]
[SourceTitle "playchess.com"]
[Source "ChessBase"]
[SourceQuality "1"]
[TimeControl "40/5400+30:1800+30"]

1. c4 c5 2. g3 Nc6 3. Bg2 g6 4. Nc3 Bg7 5. e3 e5 6. b3 {[%emt 0:01:16] A36: Symmetrical English vs ...g6: 4 Bg2 Bg7.} d6 7. Bb2 Nge7 8. Nge2 {[%emt 0:03:44] The position is equal.} Be6 9. Ne4 h6 10. d4 (10. f4 $11) 10... exd4 $15 11. exd4 {[%emt 0:00:08] [#] Black must now prevent Qd2.} Nf5 $146 ({Predecessor:} 11... O-O 12. Qd2 Bg4 13. dxc5 dxc5 14. O-O-O Nd4 15. Bxd4 cxd4 16. f3 Bf5 17. Nxd4 Qb6 18. Qe3 Qa5 19. Kb1 Rfd8 20. g4 Bxe4+ 21. fxe4 Qe5 {0-1 (21) Guardiola Guillot,L (1980)-Marzo Pie,X (2202) Salobrena 2019}) 12. Nd2 (12. O-O) (12. O-O $15 {should be considered.}) 12... Nfxd4 $17 ({Reject} 12... cxd4 $6 13. Nf4 $11) 13. Nxd4 cxd4 14. Nf3 (14. O-O) (14. O-O $15 {deserves consideration.}) 14... Qa5+ 15. Kf1 Qb6 {[%emt 0:04:22] Black is more active.} 16. Rc1 (16. Qd2 $17 {might work better.}) 16... O-O $19 17. Qd2 (17. h3 $17) 17... d5 18. cxd5 Bxd5 19. Ne1 Qa6+ 20. Qd3 Bxg2+ ({But not} 20... Qxa2 $2 21. Bxd5 Nb4 22. Qd1 Nxd5 23. Bxd4 Bxd4 24. Qxd4 $19) 21. Kxg2 {[%emt 0:00:10] [#] Strongly threatening Qxa6.} Qxa2 22. Ba1 Qa5 23. Nf3 Rad8 24. Rhd1 Qd5 25. Kg1 $2 (25. Qc4) 25... Nb4 26. Qd2 Qxf3 27. Qxb4 d3 28. Bxg7 Kxg7 29. Rd2 Rfe8 {[%emt 0:00:27] Threatens to win with ...Re2.} 30. Rcd1 Re2 31. Qf4 $2 (31. Rxe2 Qxe2 32. Qc3+ Kh7 33. Rd2) 31... Qxf4 32. gxf4 Rxd2 33. Rxd2 {[%emt 0:00:05][%mdl 4096] Endgame KR-KR} Kf6 {[%emt 0:00:04] aiming for ...Kf5.} 34. Kg2 Kf5 35. Kf3 b5 36. Ke3 (36. b4 $142 Rd4 37. Ke3 Rxb4 38. Ra2) 36... a5 37. Rxd3 Rxd3+ {[%emt 0:00:05] Black mates.} 38. Kxd3 Kxf4 {[%emt 0:00:07] KP-KP} 39. Kd4 a4 40. bxa4 bxa4 41. Kc4 Kf3 42. Kb4 Kxf2 43. Kxa4 f5 44. Kb3 f4 45. Kc2 f3 46. Kd2 Kg2 47. h4 f2 {[%emt 0:00:05] White got outplayed after the opening.  Weighted Error Value: White=0.63/Black=0.09 (flawless)} 0-1

[Event "Hungarian Youth-ch U18 2022"]
[Site "Eger"]
[Date "2022.07.24"]
[Round "2.7"]
[White "Ivan, Reka Gyongyver"]
[Black "Sulyok, Eszter"]
[Result "0-1"]
[ECO "D00"]
[WhiteElo "1877"]
[BlackElo "2091"]
[Annotator "TA"]
[PlyCount "116"]
[EventDate "2022.07.21"]
[EventType "tourn"]
[EventCountry "HUN"]
[SourceTitle "playchess.com"]
[Source "ChessBase"]
[SourceQuality "1"]
[TimeControl "40/5400+30:1800+30"]

1. d4 d5 2. Bf4 Nf6 3. e3 c5 4. c3 Nc6 5. Nd2 Bf5 6. Ngf3 {[%emt 0:02:54] D00: 1 d4 d5: Unusual lines.} Qb6 7. b4 cxb4 {[%emt 0:06:56] [#]} 8. c4 $146 {[%emt 0:00:10] Black is slightly better.} ({Predecessor:} 8. cxb4 Nxb4 9. Rc1 Rc8 10. Qa4+ Kd8 11. Rxc8+ Kxc8 12. e4 dxe4 13. Bb5 exf3 14. O-O {0-1 (26) Petesch,G (2330)-Makhmudov,S (2115) Chess.com INT 2021}) 8... e6 9. c5 Qd8 10. Bb5 {[%emt 0:00:46] With the idea Ne5.} Rc8 (10... Qa5 $11 11. Qa4 Qxa4 12. Bxa4 Nd7) 11. Qa4 (11. Ne5 $16) 11... Nd7 $14 12. Bxc6 Rxc6 13. Qxb4 b6 14. Qa4 (14. O-O $1 $11 {remains equal.}) 14... Qc8 $1 $17 15. Nb3 {[%emt 0:03:51] [#]} bxc5 ({Better is} 15... Bd3 $1 $17 {Strongly threatening ...f6.} 16. Kd2 Bc4) 16. dxc5 $15 Bxc5 {[%emt 0:02:45] ...Ra6 is the strong threat.} (16... Nxc5 $2 17. Nxc5 Bc2 18. Nb3 $18) (16... Bd3 {is more complex.} 17. Ne5 Nxe5 18. Bxe5 Qa6) 17. O-O $1 O-O 18. Rfc1 Qa8 (18... Bd3 $15 {feels stronger.}) 19. Na5 $1 $11 Ra6 20. Qb5 {[%emt 0:00:54] [#]} ({White must play} 20. Qxd7 $14 Rxa5 21. Bc7) 20... Bd3 $1 $15 21. Qxd7 (21. Qxd3 Rxa5) 21... Rxa5 22. Ne5 (22. a4 $1 $15) 22... Bb5 $17 {[%emt 0:01:40] This bishop pair is nice.} 23. Qc7 Bb6 24. Qe7 Qe8 $36 {[%emt 0:03:00][%mdl 2048] Black is on the roll.} 25. Qd6 f6 26. Nc6 Ra6 27. a4 Rxa4 (27... Bxc6 $142 28. Rxc6 {[#]} Bc5 $1 29. Rxa6 Bxd6 30. Bxd6 Rf7) 28. Rxa4 Bxa4 29. Ne7+ Kh8 30. Rc8 (30. Nc8 $17 {was necessary.}) 30... Bd8 $19 31. Nc6 Bxc6 32. Rxc6 e5 33. Bg3 d4 34. exd4 exd4 35. h4 (35. h3 $142) 35... Bb6 36. h5 Qd8 37. Qf4 $2 (37. Kf1 {might work better.}) 37... Qd5 38. Qd6 Qxd6 39. Bxd6 {[%emt 0:00:09][%mdl 4096] Endgame KRB-KRB} Rd8 40. Be7 Re8 41. Bc5 Bxc5 42. Rxc5 {[%emt 0:00:09] KR-KR} Ra8 43. Rd5 (43. Ra5 {is a better chance.}) 43... a5 44. Rxd4 a4 45. Rd2 a3 46. Ra2 Kg8 47. Kf1 Kf7 48. Ke2 Ke6 49. g4 (49. Kd1 $142 Kf5 50. Kc2) 49... Ke5 50. Ke3 Ra7 51. f3 Ra4 52. Ke2 f5 53. gxf5 Kxf5 {[%emt 0:00:07] Threatens to win with ...Kg5.} 54. Ke3 Kg5 55. f4+ Kxh5 {[%emt 0:00:28] Hoping for ...Kg4.} 56. Rh2+ Kg6 57. Rg2+ Kf6 {[%emt 0:00:49] ( -> ...a2)} 58. Ra2 Kf5 {[%emt 0:00:05] Weighted Error Value: White=0.81/Black=0.27 (precise)} 0-1

[Event "Hungarian Youth-ch U18 2022"]
[Site "Eger"]
[Date "2022.07.25"]
[Round "3.1"]
[White "Reviczki, Roland"]
[Black "Daroczi, Donat"]
[Result "0-1"]
[ECO "B78"]
[WhiteElo "2160"]
[BlackElo "2163"]
[Annotator "TA"]
[PlyCount "72"]
[EventDate "2022.07.21"]
[EventType "tourn"]
[EventCountry "HUN"]
[SourceTitle "playchess.com"]
[Source "ChessBase"]
[SourceQuality "1"]
[TimeControl "40/5400+30:1800+30"]

1. e4 c5 2. Nf3 d6 3. d4 cxd4 4. Nxd4 Nf6 5. Nc3 g6 6. Be3 Bg7 7. f3 O-O 8. Qd2 Nc6 9. Bc4 Bd7 10. O-O-O Rc8 11. Bb3 Nxd4 $1 {[%emt 0:00:23][%mdl 4] is currently scoring better than 11...Ne5.} 12. Bxd4 b5 13. Nd5 Nxd5 {[%emt 0:00:31] B78: Sicilian Dragon: Yugoslav Attack, 9 Bc4 Bd7 10 0-0-0 Rc8.} 14. Bxg7 $1 Kxg7 15. exd5 a5 {[%emt 0:00:07] ...a4 is the strong threat. White is slightly better.} 16. a3 Kg8 17. Rhe1 Rc5 18. Qe3 ({White should play} 18. Re3 $1 $14) 18... Qc7 {[%emt 0:00:49] aiming for ...a4.} 19. Rd2 ({Wrong is} 19. Qxe7 $2 a4 20. Kb1 b4 21. Bxa4 (21. axb4 $2 axb3 22. bxc5 bxc2+ 23. Kxc2 Qxc5+ 24. Kd3 Bb5+ 25. Ke4 Re8 $19) 21... Bxa4 22. Qxc7 Bxc2+ 23. Kc1 Rxc7 $19) 19... Rc8 $1 $36 {[%emt 0:02:06][%mdl 2048] White must now prevent ...a4. Black is pushing.} 20. Ree2 {[%emt 0:01:08] [#]} ({Don't go for} 20. Qxe7 $2 a4 21. Qe3 axb3 22. Qxb3 Qa5 $19) 20... a4 $146 (20... Qb6 $11) ({Predecessor:} 20... Re8 21. Qd4 Qa7 22. g4 Rc7 23. Qf4 Kg7 24. h4 h6 25. Rd4 Bc8 {1-0 (54) Aroshidze,L (2565)-Oliva Castaneda,K (2419) Barbera del Valles 2014}) 21. Ba2 $14 Qb6 22. Kd1 (22. Rd4 $1 $14 {keeps the upper hand.}) 22... b4 $1 $17 23. axb4 Qxb4 24. c3 {[%emt 0:07:12] [#]} (24. Qa3 $17 Qxa3 25. bxa3) 24... a3 $1 25. Ke1 $15 Qh4+ 26. g3 Qh3 {[%emt 0:04:05] And now ...axb2 would win.} 27. c4 axb2 28. Rxb2 e6 {[%emt 0:01:25] Threatens to win with ...exd5.} 29. dxe6 ({White should try} 29. Qf4 $15) 29... Bxe6 $19 30. Qd4 $2 (30. Rb5 $17) 30... Bxc4 31. Bxc4 Rxc4 32. Qxd6 Rc1+ {[%emt 0:00:12] Black mates.} 33. Kd2 Qf1 34. Ke3 R1c3+ 35. Kf4 Qxf3+ 36. Kg5 Qf5+ {[%emt 0:00:16] Weighted Error Value: White=0.80/Black=0.16 (very precise)} 0-1

[Event "Hungarian Youth-ch U18 2022"]
[Site "Eger"]
[Date "2022.07.25"]
[Round "3.2"]
[White "Virag, Balint"]
[Black "Karacsonyi, Gellert"]
[Result "0-1"]
[ECO "B43"]
[WhiteElo "2164"]
[BlackElo "2338"]
[Annotator "TA"]
[PlyCount "112"]
[EventDate "2022.07.21"]
[EventType "tourn"]
[EventCountry "HUN"]
[SourceTitle "playchess.com"]
[Source "ChessBase"]
[SourceQuality "1"]
[TimeControl "40/5400+30:1800+30"]

1. e4 c5 2. Nf3 e6 3. d4 cxd4 4. Nxd4 a6 5. Nc3 Qc7 6. Be3 Bb4 7. Qd3 {[%emt 0:03:58] is cutting edge theory.} (7. Nde2 $142) 7... Nf6 $1 $11 {[%emt 0:01:58][%cal Of6e4] Black wants to play ...Nxe4! B43: Sicilian: Kan Variation: 5 Nc3.} 8. Bd2 O-O 9. a3 Bc5 {[%emt 0:08:38] Black is slightly better.} (9... Bxc3 $5 10. Qxc3 (10. Bxc3 d5 $11) 10... Qxc3 11. Bxc3 Nxe4 $15) 10. Nb3 {[%emt 0:05:21] [#]} Ba7 $146 ({Predecessor:} 10... Be7 11. Qg3 d6 12. Bh6 Ne8 13. Bd2 Nd7 14. f4 b5 15. Bd3 Nb6 16. O-O Nc4 {½-½ (48) Kollari,S (2033)-Kohlweyer,B (2422) Kukes 2014}) 11. Be3 b6 12. g3 Bb7 (12... Nc6 $11) 13. Bf4 $14 e5 14. Bg5 Nxe4 15. Nxe4 {[%emt 0:00:14] Be7 is the strong threat.} d5 $1 {[%emt 0:07:25] [#]} 16. Nf6+ gxf6 17. Bh6 {[%emt 0:05:47] And now 0-0-0 would win.} ({Much weaker is} 17. Bxf6 Nd7 18. Qd2 (18. Qf5 Nxf6 19. Qg5+ Kh8 $11) 18... Nxf6 $11) 17... Re8 $1 18. Bh3 {[%emt 0:18:21] Threatens to win with Qf5.} (18. O-O-O $5 Qd6 19. Bg2 $11) 18... Qc4 $1 19. Qf3 Qe4+ $1 20. Qxe4 dxe4 21. Ke2 Nc6 22. Rhd1 {[%emt 0:01:19] Prevents Nd4+.} Red8 {[%emt 0:00:22] Inhibits Rd6.} 23. c3 {[%emt 0:00:16] Against Nd4+} a5 24. a4 Ba6+ 25. Ke1 Ne7 26. Rxd8+ (26. Nd2 {looks sharper.} Bb7 27. Bg2 Nf5 28. Nxe4 Kh8 29. Bc1) 26... Rxd8 27. Rd1 (27. Be3 $5 ) 27... Rxd1+ 28. Kxd1 Bb8 29. Bd7 Bd6 30. Be3 {[%emt 0:00:31][%mdl 1024] White has compensation.} (30. Nd2 $5 ) 30... Nd5 31. Bf5 Bb7 32. Nd2 Bc6 33. b3 Nxc3+ 34. Kc2 Nd5 35. Nxe4 Be7 36. Nc3 Bd8 (36... Nxc3 $15 37. Kxc3 b5) 37. Nxd5 $11 Bxd5 {[%emt 0:00:03][%mdl 4096] Endgame KBB-KBB} 38. Bh6 (38. g4 $11 {keeps the balance.}) 38... Be7 $17 39. Be3 Bd8 (39... Bc5 $17) 40. Bh6 $11 Be7 ({Black should play} 40... Bc6 $11) 41. Be3 $17 Bc5 {[%emt 0:02:09] White is now going downhill.} 42. Bxc5 bxc5 {[%emt 0:00:04] KB-KB} 43. Kc3 {[%emt 0:02:47] [#]} (43. f4 $17 {is the only way for White.}) 43... e4 $1 $19 44. Bg4 Kf8 45. Be2 {[%emt 0:07:49] [#]} Ke7 $1 46. Bc4 $2 (46. Bd1) 46... Kd6 {[%emt 0:07:30] Hoping for ...Bxc4.} 47. Bxd5 (47. g4 $142 Ke6 48. Be2) 47... Kxd5 {[%emt 0:00:25] KP-KP} 48. g4 h6 (48... f5 $142 49. gxf5 f6) 49. h3 (49. h4 $19) 49... f5 {[%emt 0:00:19] Black mates.} 50. gxf5 f6 51. h4 h5 52. Kc2 c4 53. bxc4+ Kxc4 54. Kd2 Kb4 55. Ke3 Kxa4 56. Kxe4 Kb4 {[%emt 0:00:16] Weighted Error Value: White=0.42/Black=0.15 (very precise)} 0-1